 Dungeon Crawl Stone Soup version 0.29-a0-451-gfbfa42419e (webtiles) character file.

Game seed: 17741220179036899381

53 Faeu the Skirmisher (level 3, -12/34 HPs)
             Began as a Minotaur Berserker on May 19, 2022.
             Was a Believer of Trog.
             Mangled by Terence
             ... wielding a +2 hand axe of electrocution
              (20 damage)
             ... on level 2 of the Dungeon.
             The game lasted 00:01:43 (1728 turns).

Faeu the Skirmisher (Minotaur Berserker)            Turns: 1728, Time: 00:01:43

Health: -12/34     AC:  2    Str: 23    XL:     3   Next: 64%
Magic:  2/2        EV: 12    Int:  4    God:    Trog [**....]
Gold:   98         SH:  0    Dex:  9    Spells: 2/2 levels left

rFire   . . .      SeeInvis .   a - +0 hand axe {axe}
rCold   . . .      Faith    .   (no shield)
rNeg    . . .      Spirit   .   b - +0 animal skin
rPois   .          Reflect  .   (helmet restricted)
rElec   .          Harm     .   (no cloak)
rCorr   .          Rampage  .   (no gloves)
Will    .....                   (no boots)
Stlth   +.........              (no amulet)
HPRegen 0.11/turn               (no ring)
MPRegen 0.08/turn               (no ring)

@: no status effects
A: horns 2, retaliatory headbutt
a: Renounce Religion, Berserk, Trog's Hand


You were on level 2 of the Dungeon.
You worshipped Trog.
Trog was pleased with you.
You visited 1 branch of the dungeon, and saw 2 of its levels.

You collected 98 gold pieces.


Innate Abilities, Weirdness & Mutations

You have a pair of horns on your head.
You reflexively headbutt those who attack you in melee.


   Skills:
 + Level 4.7 Fighting
 + Level 4.7 Axes
 - Level 2.4 Armour
 - Level 2.1 Dodging


You had 2 spell levels left.
You didn't know any spells.
Your spell library was empty.

Inventory:

Hand Weapons
 a - a +0 hand axe (weapon) {axe}
 l - a +2 dagger of holy wrath {short}
   (You took it off a goblin on level 1 of the Dungeon)
Armour
 b - a +0 animal skin (worn)
 d - a +0 leather armour
   (You found it on level 1 of the Dungeon)
 e - a +0 ring mail
   (You found it on level 1 of the Dungeon)
 g - a +0 ring mail
   (You took it off a kobold on level 1 of the Dungeon)
 n - a +0 robe
   (You found it on level 1 of the Dungeon)
 u - a +0 ring mail
   (You found it on level 2 of the Dungeon)
Jewellery
 o - a +6 ring of intelligence
   (You found it on level 2 of the Dungeon)
Scrolls
 c - 2 scrolls of identify {unknown}
 h - 2 scrolls of immolation {unknown}
 i - a scroll of fear {unknown}
 j - a scroll of vulnerability {unknown}
 k - a scroll of noise {unknown}
 m - a scroll of magic mapping {unknown}
 q - a scroll of blinking {unknown}
 s - 2 scrolls of teleportation {unknown}
 t - a scroll of enchant armour {unknown}
Potions
 f - a potion of heal wounds {unknown}
 p - a potion of curing {unknown}
 r - a potion of invisibility {unknown}

Dungeon Overview and Level Annotations

Branches:
Dungeon (2/15)

Altars:

Annotations:
D:2 Terence

#.....##.......
##.......#..### # ###
#....####..# # #.#...
#.........># # .....
####......## #
##...############...# #
##...S.......# #...# #
#r....@..# #.# #...# #
.K..##@.###.# #...# #
#K.l...##.#####...###
#.##...##............
#.....!..............
.b.............)......
..#.####..#######...###
.... ....# #...# # ###
#.##.# #...# #. #.#
#...#


You could see Terence, an adder, a kobold, a frilled lizard and a rat
(wandering).


Message History

Key pressed, stopping explore.
No target in view!
Key pressed, stopping explore.
No target in view!
You see here a +0 short sword {short}.
A rat comes into view.
A rat is nearby!
A rat is nearby!
The rat bites you. 😕 HP[-1]
You take 1 damage, and now have 33/34 hp.
A rat is nearby!
You barely miss the rat. The rat bites you.
A rat is nearby!
You hit the rat but do no damage. You headbutt the rat.
You kill the rat!
Trog accepts your kill.
Key pressed, stopping explore.
No target in view!
Key pressed, stopping explore.
No target in view!
Key pressed, stopping explore.
No target in view!
Key pressed, stopping explore.
No target in view!
Key pressed, stopping explore.
No target in view!
Key pressed, stopping explore.
No target in view!
There is a stone staircase leading down here.
A ball python comes into view.
A ball python is nearby!
The ball python hisses angrily.
The ball python barely misses you. x2
A ball python is nearby!
You slash the ball python!
You kill the ball python!
Trog accepts your kill.
A rat comes into view.
A rat is nearby!
You see here a +0 whip {mace}. 😎 HP[+1]
A rat is nearby!
You barely miss the rat. The rat bites you. 😕 HP[-1]
You take 1 damage, and now have 33/34 hp.
A rat is nearby!
You hit the rat.
You kill the rat!
Trog accepts your kill.
u - a +0 ring mail You see here a rat corpse.
No target in view!
Key pressed, stopping explore.
No target in view!
Key pressed, stopping explore.
No target in view!
Key pressed, stopping explore.
No target in view!
You see here a +0 whip {mace}.
You now have 98 gold pieces (gained 9).
You see here a +0 whip {mace}.
You see here a rat corpse.
You see here a +0 whip {mace}.
You see here a +0 whip {mace}.
Key pressed, stopping explore.
No target in view!
Key pressed, stopping explore.
No target in view!
Terence and a frilled lizard come into view.
Terence is wielding a +2 hand axe of electrocution.
Terence shouts!
The frilled lizard hisses angrily.
You hear a shout!
The frilled lizard moves out of view. 😎 HP[+1]
There are monsters nearby!
An adder and a kobold come into view.
The kobold shouts!
A bat comes into view.
There are monsters nearby!
Terence barely misses you. You furiously retaliate!
You headbutt Terence, but do no damage.
There are monsters nearby!
You closely miss Terence. Your headbutt misses Terence.
Terence hits you with a +2 hand axe of electrocution!
You are electrocuted!
* * * LOW HITPOINT WARNING * * *
A rat comes into view. 😨 HP[-20]
You take 20 damage, and now have 14/34 hp.
MASSIVE DAMAGE!! (PAUSE)
There are monsters nearby!
You are too injured to fight recklessly!
There are monsters nearby!
You are too injured to fight recklessly!
Terence attacks as you move away!
Terence hits you with a +2 hand axe of electrocution.
* * * LOW HITPOINT WARNING * * *
You are electrocuted!!
Ouch! That really hurt!
You die...

Skill      XL: |  1 |
---------------+----+-----
Fighting       | 4 |  4.7
Axes           | 4 |  4.7
Armour         | |  2.4
Dodging        | |  2.1

Action                   || total
-------------------------++-------
Melee: Hand axe          ||    92
       Headbutt          ||    10
 Stab: Sleeping          ||     1
Armor: Animal skin       ||    16
Dodge: Dodged            ||    55

Levels and vault maps discovered:
D:1:      dpeg_arrival_central, layout_basic,
          hellmonk_ecumenical_altar_crossroads, minmay_misc_feat_diagonals
D:2:      layout_loops_cross, uniq_terence

Notes
Turn   | Place    | Note
-------+----------+-------------------------------------------
     0 | D:1      | Faeu the Minotaur Berserker began the quest for the Orb.
     0 | D:1      | Reached XP level 1. HP: 19/19 MP: 0/0
     0 | D:1      | magus.rc [v1.9.6]
    94 | D:1      | Reached skill level 4 in Fighting
    94 | D:1      | Reached skill level 4 in Axes
    99 | D:1      | Reached XP level 2. HP: 20/27 MP: 1/1
   224 | D:1      | Found a faded altar of an unknown god.
   528 | D:1      | Reached ** piety under Trog
   707 | D:1      | Reached XP level 3. HP: 34/34 MP: 2/2
  1723 | D:2      | Noticed Terence
  1728 | D:2      | HP: 8/34 [Terence/+2 hand axe of electrocution (6)]
  1728 | D:2      | Mangled by Terence

Vanquished Creatures
  An adder (D:2)
  A dart slug (D:2)
  5 ball pythons
  2 endoplasms (D:1)
  6 goblins
  2 hobgoblins
  4 jackals (D:1)
  A quokka (D:1)
  3 bats (D:1)
  8 kobolds
  8 rats
41 creatures vanquished.

Table legend:
 A = Non-vault XP
 B = Vault XP
 C = Vault XP percentage of total XP
 D = Non-vault monster count
 E = Vault monster count
 F = Vault count percentage of total count
                 A         B        C        D         E       F
            +---------+---------+-------+---------+---------+-------
      Total |      77 |       0 |   0.0 |      41 |       0 |   0.0
            +---------+---------+-------+---------+---------+-------
        D:1 |      43 |       0 |   0.0 |      26 |       0 |   0.0
        D:2 |      34 |       0 |   0.0 |      15 |       0 |   0.0
            +---------+---------+-------+---------+---------+-------

Illustrated notes

Table legend:
 A = Kills in this place as a percentage of kills in entire the game.
 B = Kills by you in this place as a percentage of kills by you in the entire game.
 C = Kills by friends in this place as a percentage of kills by friends in the entire game.
 D = Other kills in this place as a percentage of other kills in the entire game.
 E = Experience gained in this place as a percentage of experience gained in the entire game.
 F = Experience gained in this place divided by the number of levels of this place that you have seen.
                   A       B       C       D       E      F
               +-------+-------+-------+-------+-------+----------------------
         Total | 100.0 | 100.0 |   N/A |   N/A | 100.0 |  38.5
       Dungeon | 100.0 | 100.0 |   N/A |   N/A | 100.0 |  38.5
               +-------+-------+-------+-------+-------+----------------------

Table legend: (Time is in decaauts)
 A = Elapsed time spent in this place.
 B = Non-inter-level travel time spent in this place.
 C = Inter-level travel time spent in this place.
 D = Time resting spent in this place.
 E = Time spent auto-exploring this place.
 F = Levels seen in this place.
 G = Mean time per level.
                   A        B        C        D        E       F      G
               +--------+--------+--------+--------+--------+-----+--------+
         Total |   1736 |   1712 |     24 |     91 |   1379 |   2 |  868.0 |
       Dungeon |   1736 |   1712 |     24 |     91 |   1379 |   2 |  868.0 |
               +--------+--------+--------+--------+--------+-----+--------+

Top non-repeatable levels by time:
     D:1: 930 daAuts
     D:2: 805 daAuts
